 Dungeon Crawl Stone Soup version 0.22.1-1-ga44c0e5 (webtiles) character file.

14123 Lavandula the Severer (level 11, 0/132 HPs)
             Began as a Centaur Berserker on Oct 29, 2018.
             Was a High Priest of Trog.
             Slain by a fire elemental (10 damage)
             ... led by Azrael
             ... on level 1 of the Orcish Mines on Oct 30, 2018.
             The game lasted 00:36:00 (7093 turns).

Lavandula the Severer (Centaur Berserker)           Turns: 7093, Time: 00:36:00

Health: 0/132      AC: 13    Str: 27    XL:     11   Next: 84%
Magic:  11/11      EV: 11    Int:  6    God:    Trog [*****.]
Gold:   445        SH:  5    Dex: 10    Spells: 10/10 levels left

rFire    . . .     SeeInvis .   g - +6 broad axe (elec)
rCold    . . .     Gourm    .   j - +1 buckler {AC+3}
rNeg     + . .     Faith    .   a - +2 troll leather armour
rPois    .         Spirit   .   f - +2 helmet
rElec    .         Reflect  .   (no cloak)
rCorr    +         Harm     .   (no gloves)
MR       ++...                  (no barding)
Stlth    ..........             N - amulet of magic regeneration
HPRegen  1.72/turn              I - ring of resist corrosion
MPRegen  0.37/turn              L - ring of positive energy

@: berserking, regenerating, very quick
A: large, hooves 3, deformed body, speed 2, tough skin 3
a: Berserk, Trog's Hand, Brothers in Arms, Renounce Religion


You were on level 1 of the Orcish Mines.
You worshipped Trog.
Trog was extremely pleased with you.
You were near starving.

You visited 2 branches of the dungeon, and saw 14 of its levels.

You collected 833 gold pieces.
You spent 388 gold pieces at shops.

Inventory:

Hand Weapons
 e - a +0 battleaxe
 g - a +6 broad axe of electrocution (weapon)
 n - a +0 war axe
 q - a +3 hand axe
 r - a +0 hunting sling
 B - a +2 dire flail of crushing
 J - a +1 antimagic trident
 K - a +3 spear
Missiles
 F - 34 sling bullets
 M - 5 exploding tomahawks
 R - 3 steel javelins (quivered)
Armour
 a - a +2 troll leather armour (worn)
 b - a +0 animal skin
 f - a +2 helmet (worn)
 j - a +1 buckler of protection (worn)
 k - a +0 plate armour
 m - a +0 ring mail
 C - a +0 scale mail
 G - a cursed +0 leather armour
Magical Staves
 P - an uncursed staff of wizardry
Jewellery
 I - a ring of resist corrosion (left hand)
 L - a ring of positive energy (right hand)
 N - an amulet of magic regeneration (around neck)
Wands
 l - a wand of polymorph (33)
 z - a wand of random effects (32)
Scrolls
 d - 2 scrolls of immolation
 i - 4 scrolls of remove curse
 p - a scroll of amnesia
 s - 2 scrolls of fear
 t - 2 scrolls of blinking
 w - a scroll of enchant weapon {unknown}
 y - 4 scrolls of teleportation
 A - 2 scrolls of random uselessness
 H - a scroll of magic mapping {unknown}
 Q - a scroll of summoning {unknown}
Potions
 h - 5 potions of curing
 u - 2 potions of flight {unknown}
 v - a potion of lignification
 x - 4 potions of haste
 D - 2 potions of heal wounds
 E - a potion of cancellation
 S - a potion of agility {unknown}
Comestibles
 c - 9 rations
 O - 4 chunks of flesh


   Skills:
 - Level 5.3 Fighting
 + Level 15.1 Axes
 - Level 1.3 Armour
 - Level 4.3 Dodging
 - Level 4.0 Shields


You had 10 spell levels left.
You didn't know any spells.
Your spell library contained the following spells:

 Spells                   Type           Power        Failure   Level  Hunger
 Animate Skeleton         Necr           N/A          50%         1    ##.....
 Apportation              Tloc           #.....       50%         1    ##.....
 Confusing Touch          Hex            #.....       50%         1    ##.....
 Corona                   Hex            #......      50%         1    ##.....
 Magic Dart               Conj           #...         50%         1    ##.....
 Sting                    Conj/Pois      #...         50%         1    ##.....
 Summon Small Mammal      Summ           #...         50%         1    ##.....
 Blink                    Tloc           N/A          63%         2    ###....
 Call Imp                 Summ           #.......     63%         2    ###....
 Poisonous Vapours        Pois/Air       #.....       63%         2    ###....
 Slow                     Hex            #.......     63%         2    ###....
 Conjure Flame            Conj/Fire      #.......     86%         3    ####...
 Inner Flame              Hex/Fire       #.......     86%         3    ####...
 Mephitic Cloud           Conj/Pois/Air  #.......     86%         3    ####...
 Portal Projectile        Hex/Tloc       #.....       86%         3    ####...
 Recall                   Summ/Tloc      N/A          86%         3    ####...
 Cause Fear               Hex            #.........   99%         4    #####..
 Leda's Liquefaction      Hex/Erth       #.........   99%         4    #####..
 Olgreb's Toxic Radiance  Pois           #.......     99%         4    #####..
 Aura of Abjuration       Summ           #.........   100%        5    ######.
 Summon Demon             Summ           #.........   100%        5    ######.
 Summon Forest            Summ/Tloc      #.........   100%        5    ######.
 Summon Mana Viper        Hex/Summ       #.......     100%        5    ######.
 Venom Bolt               Conj/Pois      #.........   100%        5    ######.
 Freezing Cloud           Conj/Ice/Air   #.........   100%        6    #######
 Shadow Creatures         Summ           N/A          100%        6    #######
 Ring of Flames           Chrm/Fire      #.........   100%        7    #######


Dungeon Overview and Level Annotations

Branches:
Dungeon (12/15)              Lair (0/6) D:9             Orc (2/2) D:10
 Temple: D:4-7          Elf: Orc:2

Altars:
Ashenzari
Kikubaaqudgha
Okawaru
Qazlal
Ru
The Shining One

Shops:
D:8 ?   D:10 (   Orc:2 =

Annotations:
D:4 Menkaure
D:11 Maurice
Orc:2 Azrael


Innate Abilities, Weirdness & Mutations

You have hooves in place of feet.
Armour fits poorly on your strangely shaped body.
You cover ground very quickly.
You have extremely tough skin. (AC +3)


Message History

* * * LOW HITPOINT WARNING * * *
The fire elemental hits you.
* * * LOW HITPOINT WARNING * * *
The fire elemental burns you!
* * * LOW HITPOINT WARNING * * *
You miss the fire elemental.
The fire elemental is almost destroyed.
You barely miss the fire elemental. The fire elemental closely misses you.
Unknown command.
You barely miss the fire elemental. Your kick misses the fire elemental.
The fire elemental is almost destroyed.
You slash the fire elemental!
You destroy the fire elemental!
Trog accepts your kill. The fire elemental barely misses you.
Unknown command.
You barely miss the fire elemental. Your kick misses the fire elemental.
The fire elemental is almost destroyed.
The fire elemental hits you. The fire elemental burns you!
You die...

### ######.## ##.#.#...#
#........## ### ##........#
##.### ##.......### ##....##
#####......#.###......#
##.##........E@##...#.###
#...........§.###)......###
##.∩.........##.[[).......##
#...........§E§...........#
##...........§............##
##.#...........§............##
#..............##............#
#............)[..........#..##
##....##.##...<.............#


You could see a fire elemental.

Vanquished Creatures
  2 hydras
  3 two-headed ogres
  Pikel (D:7)
  An orc knight (Orc:1)
  An ugly thing (D:10)
  An orc sorcerer (Orc:1)
  A cyclops (D:10)
  A manticore (D:10)
  3 trolls
  A polar bear (shapeshifter) (D:10)
  3 hippogriffs
  A meliai zombie (D:12)
  Sigmund (D:6)
  4 yaks (D:11)
  2 fire elementals (Orc:1)
  A hungry ghost (D:8)
  Edmund (D:5)
  A soldier ant (D:12)
  A warg (D:10)
  A water moccasin (D:11)
  2 hell hounds
  2 sky beasts
  7 orc warriors
  3 ice beasts
  A slave (D:7)
  A phantom (D:10)
  3 ogres
  A centaur (D:8)
  3 big kobolds
  8 bullfrogs
  4 scorpions
  A water moccasin skeleton (D:6)
  5 killer bees
  7 wights
  A howler monkey (D:10)
  7 crimson imps
  A centaur zombie (D:9)
  9 hounds
  5 jellies
  2 bullfrog zombies
  7 orc priests
  10 orc wizards
  An iguana (D:9)
  18 worker ants
  A hound skeleton (D:4)
  A howler monkey zombie (D:10)
  3 worker ant zombies
  2 howler monkey skeletons
  7 gnolls
  14 adders
  4 shadow imps
  An ooze (D:4)
  An adder skeleton (D:7)
  A worm (D:2)
  2 dart slugs
  6 leopard geckos
  48 orcs
  6 bats
  7 giant cockroaches
  3 goblins
  3 hobgoblins
  16 jackals
  6 kobolds
  9 quokkas
  A ball python (D:4)
  A ball python skeleton (D:5)
  5 frilled lizards
  2 quokka skeletons
  A quokka zombie (D:9)
  3 rats
  A butterfly (D:12)
295 creatures vanquished.

Vanquished Creatures (others)
  2 slaves (D:7)
  A wight (D:7)
  2 fungi (Orc:2)
5 creatures vanquished.

Grand Total: 300 creatures vanquished

Notes
Turn   | Place    | Note
-------+----------+-------------------------------------------
     0 | D:1      | Lavandula the Centaur Berserker began the quest for the
                  | Orb.
     0 | D:1      | Reached XP level 1. HP: 19/19 MP: 1/1
    87 | D:1      | Reached skill level 3 in Axes
   198 | D:2      | Reached XP level 2. HP: 22/26 MP: 2/2
   388 | D:2      | Reached XP level 3. HP: 31/31 MP: 3/3
   397 | D:2      | Reached skill level 4 in Axes
   480 | D:3      | Reached XP level 4. HP: 12/38 MP: 4/4
   481 | D:3      | Reached ** piety under Trog
   560 | D:3      | Reached skill level 5 in Axes
   604 | D:3      | Reached XP level 5. HP: 10/45 MP: 5/5
   677 | D:3      | Found an ancient bone altar of Kikubaaqudgha.
  1105 | D:4      | Reached skill level 6 in Axes
  1109 | D:4      | Noticed Menkaure
  1175 | D:5      | Entered Level 5 of the Dungeon
  1496 | D:4      | Reached XP level 6. HP: 51/51 MP: 6/6
  1746 | D:5      | Reached skill level 7 in Axes
  1765 | D:5      | Reached *** piety under Trog
  1906 | D:5      | Reached XP level 7. HP: 35/57 MP: 7/7
  1923 | D:5      | Noticed Edmund
  1965 | D:5      | Killed Edmund
  2187 | D:5      | Reached skill level 8 in Axes
  2353 | D:5      | Found a shattered altar of Ashenzari.
  2553 | D:6      | Reached skill level 9 in Axes
  2553 | D:6      | Reached XP level 8. HP: 34/63 MP: 8/8
  2786 | D:6      | Found a sacrificial altar of Ru.
  2947 | D:6      | Noticed Sigmund
  2951 | D:6      | Killed Sigmund
  2951 | D:6      | Reached **** piety under Trog
  2951 | D:6      | Reached skill level 10 in Axes
  3038 | D:6      | Received a gift from Trog
  3061 | D:7      | Noticed Pikel
  3074 | D:7      | Killed Pikel
  3074 | D:7      | Reached skill level 11 in Axes
  3074 | D:7      | Reached XP level 9. HP: 44/69 MP: 2/9
  3436 | D:7      | Found a stormy altar of Qazlal.
  3568 | D:8      | Found a glowing golden altar of the Shining One.
  3613 | D:8      | Reached skill level 12 in Axes
  3669 | D:8      | Reached skill level 1 in Shields
  3708 | D:8      | Found a shattered altar of Ashenzari.
  3710 | D:8      | Found an iron altar of Okawaru.
  3785 | D:8      | Found Reideps's Magic Scroll Shoppe.
  3788 | D:8      | Bought a scroll of teleportation for 33 gold pieces
  3788 | D:8      | Bought a scroll of fear for 38 gold pieces
  3788 | D:8      | Bought a scroll of blinking for 82 gold pieces
  3788 | D:8      | Bought a scroll of enchant armour for 82 gold pieces
  3788 | D:8      | Bought a scroll of teleportation for 33 gold pieces
  3788 | D:8      | Bought a scroll of identify for 22 gold pieces
  3788 | D:8      | Bought a scroll of identify for 22 gold pieces
  4343 | D:9      | Found a staircase to the Lair.
  4566 | D:8      | Bought a scroll of immolation for 38 gold pieces
  4566 | D:8      | Bought a scroll of amnesia for 38 gold pieces
  4628 | D:10     | Entered Level 10 of the Dungeon
  4648 | D:10     | Noticed a polar bear
  4659 | D:10     | Killed a polar bear
  4712 | D:10     | Noticed a purple ugly thing
  4723 | D:10     | Paralysed by fainting for 7 turns
  4731 | D:10     | Killed a purple ugly thing
  4731 | D:10     | Reached XP level 10. HP: 51/80 MP: 10/10
  4812 | D:10     | Noticed a two-headed ogre
  4812 | D:10     | Noticed a six-headed hydra
  4812 | D:10     | Noticed a cyclops
  4812 | D:10     | Noticed a manticore
  4853 | D:10     | Reached skill level 5 in Fighting
  4918 | D:10     | Reached ***** piety under Trog
  4940 | D:10     | Found a staircase to the Orcish Mines.
  4953 | D:10     | Found Feciryru's Weapon Boutique.
  5273 | D:10     | Killed a two-headed ogre
  5325 | D:10     | Reached skill level 13 in Axes
  5371 | D:10     | Killed a manticore
  5433 | D:10     | Killed a cyclops
  5606 | D:10     | Killed a six-headed hydra
  5731 | D:11     | Reached XP level 11. HP: 88/88 MP: 11/11
  5737 | D:11     | Reached skill level 14 in Axes
  5790 | D:11     | Noticed a five-headed hydra
  5791 | D:11     | Noticed Maurice
  5797 | D:11     | Noticed a two-headed ogre
  5878 | D:11     | Killed a five-headed hydra
  5886 | D:11     | Killed a two-headed ogre
  6062 | D:12     | Found a runed door.
  6064 | D:12     | Found a runed door.
  6095 | D:12     | Noticed a two-headed ogre
  6189 | D:12     | Killed a two-headed ogre
  6316 | Orc:1    | Entered Level 1 of the Orcish Mines
  6340 | Orc:1    | Noticed an orc sorcerer
  6372 | Orc:1    | Killed an orc sorcerer
  6372 | Orc:1    | Reached skill level 15 in Axes
  6491 | Orc:2    | Entered Level 2 of the Orcish Mines
  6491 | Orc:2    | Found Cecw's Jewellery Emporium.
  6491 | Orc:2    | Noticed an orc knight
  6510 | Orc:1    | Killed an orc knight
  6714 | D:11     | Received a gift from Trog
  7030 | Orc:2    | Noticed Azrael
  7037 | Orc:1    | Received a gift from Trog
  7093 | Orc:1    | Slain by a fire elemental

Skill      XL: |  1  2  3  4  5  6  7  8  9 10 11 |
---------------+----------------------------------+-----
Axes           | 3 4 5 6 7 9 11 12 13 15 | 15.1
Shields        | 4 |  4.0
Fighting       | 4 5 |  5.3
Dodging        | 4 |  4.3
Armour         | |  1.3

Action                   |  1- 3 |  4- 6 |  7- 9 | 10-12 || total
-------------------------+-------+-------+-------+-------++-------
Melee: Hand axe          |    42 |     1 |   111 |   262 ||   416
       Kick              |     3 |    25 |    78 |    99 ||   205
       War axe           |       |   142 |   125 |       ||   267
       Dire flail        |       |       |    11 |       ||    11
       Spear             |       |       |    31 |   161 ||   192
       Trident           |       |       |    37 |       ||    37
       Broad axe         |       |       |       |     7 ||     7
 Fire: Hunting sling     |       |     4 |    37 |       ||    41
Throw: Tomahawk          |       |    17 |     5 |     8 ||    30
       Javelin           |       |       |       |     4 ||     4
Invok: Berserk           |     3 |     8 |    13 |    13 ||    37
       Trog's Hand       |       |     2 |     2 |     4 ||     8
  Use: Scroll            |       |     1 |     9 |     5 ||    15
       Potion            |       |       |       |     1 ||     1
  Eat: Chunk             |       |     9 |    15 |    19 ||    43
       Ration            |       |     1 |     2 |     1 ||     4
Armor: Animal skin       |     5 |       |       |       ||     5
       Plate armour      |    50 |       |       |       ||    50
       Ring mail         |       |    73 |       |       ||    73
       Scale mail        |       |       |   119 |    26 ||   145
       Troll leather arm |       |       |       |    83 ||    83
Dodge: Dodged            |    21 |    90 |   115 |    92 ||   318
Block: Buckler           |       |       |    19 |    49 ||    68
